Map: Acid Plant LE

Players

Lambo - Winner!

  • Race: Zerg Zerg
  • Spawn Location: 11:00

Nerchio

  • Race: Zerg Zerg
  • Spawn Location: 5:00

Event: WCS Austin 2018

VOD

Have the link to the VOD?

Description

Time

  • Played on: June 3, 2018, 1:10 p.m.
  • Length: 8:32

All games in this series

Show
View Real Time Build Order
Export as new Build Order

Lambo Zerg - Winner!

Build Orders: Hatch First 

Get SALT Encoding   

  12  0:00  Drone  
  13  0:13  Overlord  
  13  0:17  Drone  
  14  0:32  Drone x2  
  16  0:48  Hatchery  
  15  0:52  Drone  
  15  0:55  Drone  
  17  0:58  Drone  
  18  1:09  Extractor  
  17  1:14  Spawning Pool  
  17  1:17  Drone  
  17  1:20  Drone  
  18  1:28  Drone  
  20  1:40  Drone  
  20  1:51  Overlord  
  20  2:00  Queen x2  
  24  2:02  Drone x2  
  26  2:09  Metabolic Boost  
  26  2:11  Drone  
  27  2:16  Zergling x2  
  27  2:21  Drone  
  29  2:26  Drone  
  30  2:34  Hatchery  
  30  2:36  Drone  
  30  2:39  Drone  
  31  2:45  Zergling x2  
  31  2:47  Overlord  
  32  2:59  Drone x2  
  32  3:02  Baneling Nest  
  34  3:05  Drone x2  
  34  3:10  Drone x2  
  34  3:11  Drone x2  
  39  3:16  Queen  
  39  3:19  Zergling x2  
  42  3:22  Overlord  
  42  3:27  Drone  
  42  3:30  Drone  
  43  3:41  Drone x3  
  46  3:42  Drone x2  
  46  3:45  Zergling x6  
  46  3:47  Baneling  
  51  3:50  Drone  
  51  3:51  Overlord  
  51  3:53  Drone  
  53  3:57  Overlord  
  53  3:58  Drone  
  54  4:05  Baneling x2, Zergling x2  
  55  4:11  Evolution Chamber  
  55  4:12  Baneling x2  
  55  4:13  Roach Warren, Extractor x2  
  55  4:15  Zergling x6  
  55  4:16  Drone x3  
  57  4:18  Drone  
  57  4:25  Zergling x4  
  57  4:30  Drone x3  
  60  4:31  Drone  
  60  4:36  Drone  
  57  4:40  Drone  
  57  4:43  Drone x2  
  57  4:44  Lair  
  60  4:48  Drone x2  
  60  4:49  Drone  
  60  4:50  Drone x3  
  60  4:52  Drone  
  67  4:54  Drone  
  67  5:00  Drone  
  67  5:03  Drone x2  
  69  5:08  Zerg Missile Weapons Level 1, Extractor x2  
  69  5:11  Drone x2  
  69  5:13  Baneling x2  
  69  5:14  Zergling x4  
  71  5:19  Zergling x4  
  73  5:22  Overlord  
  73  5:25  Overlord  
  68  5:30  Zergling x6  
  68  5:35  Queen  
  69  5:36  Drone x3  
  69  5:38  Queen  
  72  5:44  Glial Reconstitution  
  72  5:47  Roach x6  
  84  5:52  Overlord  
  84  5:53  Roach x2  
  88  6:00  Roach  
  88  6:03  Roach  
  89  6:08  Overlord  
  89  6:09  Overlord  
  88  6:13  Overlord  
  88  6:17  Overlord  
  92  6:18  Roach x4  
  92  6:25  Roach  
  97  6:26  Overlord  
  97  6:27  Roach  
  99  6:33  Roach x2  
  99  6:36  Ravager x2  
  99  6:37  Ravager x2  
  99  6:38  Overlord  
  99  6:39  Roach  
  109  6:43  Roach  
  109  6:45  Roach  
  113  6:48  Roach x3  
  113  6:50  Roach  
  121  6:54  Roach  
  121  6:56  Roach x3  
  121  6:58  Roach x4  
  137  7:03  Overlord  
  137  7:06  Overlord  
  137  7:11  Overlord  
  137  7:14  Overlord  
  137  7:25  Roach x4  
  137  7:26  Roach  
  139  7:30  Roach  
  139  7:31  Roach x7  
  136  7:40  Roach x2  
  136  7:43  Roach  
  132  7:47  Roach  
  128  7:53  Roach x2  
  123  7:59  Roach x4  
  123  8:03  Roach  
  126  8:06  Roach  
  126  8:11  Roach x3  
  126  8:16  Hatchery  
Show
View Real Time Build Order
Export as new Build Order

Nerchio Zerg 

Build Orders: Hatch First 

Get SALT Encoding   

  12  0:00  Drone  
  13  0:12  Overlord  
  13  0:17  Drone  
  14  0:30  Drone x2  
  14  0:34  Drone  
  17  0:51  Hatchery  
  17  0:54  Drone  
  17  0:58  Drone  
  18  1:07  Extractor  
  17  1:13  Spawning Pool  
  17  1:16  Drone  
  17  1:20  Drone  
  18  1:28  Drone  
  19  1:38  Overlord  
  19  1:49  Drone  
  20  1:59  Queen  
  20  2:00  Zergling x2  
  23  2:03  Queen  
  23  2:06  Drone  
  23  2:07  Metabolic Boost  
  26  2:10  Drone  
  26  2:14  Drone  
  28  2:21  Drone  
  29  2:24  Drone  
  30  2:38  Hatchery  
  30  2:42  Baneling Nest  
  30  2:44  Drone  
  29  2:46  Drone  
  29  2:49  Drone  
  31  2:52  Zergling x2  
  31  2:55  Overlord  
  32  2:58  Drone  
  32  3:05  Queen  
  33  3:11  Zergling x2  
  36  3:15  Drone x3  
  36  3:18  Drone x2  
  41  3:22  Overlord  
  41  3:26  Drone  
  42  3:27  Drone  
  43  3:36  Evolution Chamber  
  43  3:38  Overlord  
  42  3:44  Zergling x10  
  47  3:50  Baneling x5  
  47  3:51  Zergling x2  
  47  3:52  Zergling x2  
  47  3:54  Zergling x2  
  50  4:00  Drone x2  
  52  4:04  Drone  
  53  4:10  Drone  
  53  4:12  Drone  
  53  4:13  Overlord  
  53  4:14  Drone x4  
  53  4:16  Drone  
  60  4:17  Drone  
  59  4:26  Drone  
  59  4:27  Drone  
  59  4:28  Overlord  
  55  4:33  Zergling x2  
  55  4:37  Zergling x2  
  54  4:41  Zerg Missile Weapons Level 1, Zergling x2  
  54  4:42  Extractor, Roach Warren, Zergling x6  
  54  4:44  Zergling x2  
  57  4:46  Zergling x4  
  57  4:47  Zergling x2  
  57  4:48  Zergling x2  
  57  4:50  Zergling x2  
  62  4:58  Drone x2  
  63  5:00  Drone  
  63  5:01  Drone x3  
  67  5:07  Drone  
  67  5:09  Drone x2  
  67  5:10  Lair, Drone  
  71  5:14  Drone x2  
  71  5:17  Extractor  
  71  5:18  Overlord  
  71  5:19  Extractor  
  70  5:24  Drone x5  
  70  5:25  Drone  
  73  5:30  Drone x2  
  73  5:33  Zergling x2  
  73  5:35  Zergling x2  
  73  5:37  Queen  
  73  5:40  Zergling x8  
  76  5:48  Zergling x4  
  76  5:49  Hatchery, Zergling x2  
  78  5:52  Extractor, Zergling x2  
  78  5:55  Overlord  
  78  6:00  Zergling x2  
  78  6:01  Drone, Zergling x4  
  78  6:07  Evolution Chamber, Glial Reconstitution  
  78  6:10  Drone  
  78  6:11  Drone x3, Extractor  
  81  6:12  Overlord  
  81  6:16  Hydralisk Den  
  81  6:17  Roach x2  
  85  6:18  Roach  
  85  6:21  Roach  
  85  6:25  Roach x2  
  91  6:31  Overlord  
  91  6:35  Zerg Ground Armor Level 1  
  91  6:36  Roach  
  91  6:38  Roach  
  95  6:42  Roach  
  95  6:44  Roach x2  
  95  6:46  Overlord  
  101  6:49  Overlord  
  101  6:52  Overlord  
  101  6:53  Roach  
  103  6:54  Roach  
  103  6:56  Overlord  
  103  6:59  Overlord  
  105  7:02  Roach  
  105  7:03  Roach  
  105  7:06  Roach x2  
  113  7:09  Roach  
  113  7:11  Roach  
  113  7:12  Roach  
  113  7:15  Roach  
  121  7:17  Roach  
  121  7:20  Roach  
  129  7:23  Roach x2  
  129  7:26  Roach x2  
  129  7:27  Roach  
  121  7:31  Roach  
  121  7:33  Roach  
  99  7:37  Roach  
  99  7:39  Roach  
  99  7:42  Roach  
  99  7:43  Roach  
  92  7:46  Roach  
  92  7:51  Roach x2  
  96  7:54  Roach  
  96  7:56  Roach  
  92  7:58  Roach  
  92  8:01  Roach  
  92  8:03  Roach  
  84  8:06  Roach  
  84  8:08  Roach  
  84  8:11  Roach  
Tags
 
Add a new tag
Caveats
  • Supply blocks, unpowered buildings, or Contaminate may cause inaccurate times.
  • Supply counts are checked every 10 seconds.